 Dungeon Crawl Stone Soup version 0.18.1-50-g88ac8fd (webtiles) character file.

951649 KarmaPolice the Merfolkian Porcupine (level 27, -47/214 (231) HPs)
             Began as a Merfolk Gladiator on Oct 1, 2016.
             Was the Champion of Qazlal.
             Killed from afar by a Brimstone Fiend (55 damage)
             ... with damnation
             ... on level 7 of Gehenna on Oct 5, 2016.
             The game lasted 12:08:49 (144262 turns).

KarmaPolice the Merfolkian Porcupine (MfGl)       Turns: 144262, Time: 12:08:50

HP:   -47/214 (231) AC: 51    Str: 28      XL:     27
MP:   40/40         EV: 21    Int: 10 (16) God:    Qazlal [******]
Gold: 5237          SH:  8    Dex: 15      Spells: 0 memorised, 26 levels left

rFire  + + .     SeeInvis +     V - +8 glaive of the Guard {elec, +Rage AC+5 SInv}
rCold  + . .     Gourm    +     Q - +1 gold dragon armour of the Earth {rPois rF+ rC+ Regen+ Str+2}
rNeg   + + +     Faith    .     (shield currently unavailable)
rPois  +         Spirit   .     x - +2 hat {MR+}
rElec  .         Dismiss  .     p - +2 cloak {MR+}
rCorr  +         Reflect  .     K - +0 pair of gloves "Unodghim" {rF+ MR- rCorr Str+5}
SustAt .         Harm     .     q - +2 pair of boots of Myxoagiq {rPois rN+ Regen+ Dex-5}
MR     +++++     Rnd*Rage +     c - amulet "Nemir" {Gourm MR++ Str+3 Dex+2 Stlth-}
Stlth  ..........               R - ring of positive energy (curse)
                                J - ring of Inwacw {rCorr rN+ Str-4 Int+6 Slay+2}

@: protected from physical damage, repel missiles, almost entirely resistant to
hostile enchantments, extremely unstealthy
A: change form in water, swift swim, rugged brown scales 1, thin metallic scales
1, berserk 1, frail 1, screaming 1
a: Upheaval, Elemental Force, Disaster Area, Renounce Religion, Evoke Berserk
Rage
}: 5/15 runes: decaying, slimy, silver, icy, gossamer


You were on level 7 of Gehenna.
You worshipped Qazlal.
Qazlal was exalted by your worship.
You were full.

You visited 17 branches of the dungeon, and saw 80 of its levels.
You visited 1 ziggurat, and saw 5 of its levels.
You also visited: Trove, Ossuary, Bailey and Ice Cave.

You collected 8647 gold pieces.
You spent 3410 gold pieces at shops.

Inventory:

Hand Weapons
 h - the +7 Sceptre of Asmodeus
   (You took it off Asmodeus on level 7 of Gehenna)
 k - a +5 demon trident of draining
 V - the +8 glaive of the Guard (weapon) {elec, +Rage AC+5 SInv}
   (You took it off a deep elf annihilator on level 3 of the Elven Halls)

   Occasionally, upon striking a foe, it will discharge some electrical energy
   and cause terrible harm.
   It affects your AC (+5).
   It lets you see invisible.
   It lets you go berserk.
Missiles
 X - 4 throwing nets (quivered)
Armour
 e - a +2 pair of boots of running
 p - a +2 cloak of magic resistance (worn)
 q - the +2 pair of boots of Myxoagiq (worn) {rPois rN+ Regen+ Dex-5}
   (You found it in a treasure trove)

   It affects your dexterity (-5).
   It protects you from poison.
   It protects you from negative energy.
   It increases your rate of regeneration.
 x - a +2 hat of magic resistance (worn)
 K - the +0 pair of gloves "Unodghim" (worn) {rF+ MR- rCorr Str+5}
   (You found it on level 7 of Cocytus)

   It affects your strength (+5).
   It protects you from fire.
   It affects your resistance to hostile enchantments.
   It protects you from acid and corrosion.
 Q - the +1 gold dragon armour of the Earth (worn) {rPois rF+ rC+ Regen+ Str+2}
   (You found it on level 5 of the Vaults)

   It affects your strength (+2).
   It protects you from fire.
   It protects you from cold.
   It protects you from poison.
   It increases your rate of regeneration.
Rods
 U - a +7 rod of shadows (11/11)
   (You found it on level 3 of the Elven Halls)
Jewellery
 c - the amulet "Nemir" (around neck) {Gourm MR++ Str+3 Dex+2 Stlth-}
   (You bought it in a shop on level 2 of the Orcish Mines)

   [amulet of the gourmand]

   It allows you to eat raw meat even when not hungry.
   It affects your strength (+3).
   It affects your dexterity (+2).
   It affects your resistance to hostile enchantments.
   It makes you less stealthy.
 g - the cursed ring of Jaimyrir {SustAt MR+ Dex+3 Slay+3 SInv}
   (You bought it in a shop on level 2 of the Orcish Mines)

   [ring of sustain attributes]

   It sustains your strength, intelligence and dexterity.
   It affects your dexterity (+3).
   It affects your accuracy and damage with ranged weapons and melee attacks
   (+3).
   It affects your resistance to hostile enchantments.
   It lets you see invisible.
   It has a curse placed upon it.
 i - a cursed ring of protection from fire
 B - an uncursed ring of resist corrosion
 J - the ring of Inwacw (left hand) {rCorr rN+ Str-4 Int+6 Slay+2}
   (You found it on level 4 of a ziggurat)

   [ring of resist corrosion]

   It affects your strength (-4).
   It affects your intelligence (+6).
   It affects your accuracy and damage with ranged weapons and melee attacks
   (+2).
   It protects you from negative energy.
 O - the ring "Mutiqed" {*Tele rF+ rC- rN+++ Dex+4}
   (You took it off a deep elf annihilator on level 3 of the Elven Halls)

   [ring of teleportation]

   It may teleport you next to monsters.
   It affects your dexterity (+4).
   It protects you from fire.
   It makes you vulnerable to cold.
   It renders you almost immune to negative energy.
 R - a cursed ring of positive energy (right hand)
Wands
 F - a wand of digging (11/24)
 I - a wand of hasting (3/9)
Scrolls
 d - 2 scrolls of holy word
 j - 29 scrolls of remove curse
 m - 2 scrolls of blinking
 n - 7 scrolls of fear
 r - a scroll of silence
 u - 4 scrolls of enchant armour
 v - 3 scrolls of recharging
 A - 3 scrolls of fog
 C - 5 scrolls of enchant weapon
 D - 13 scrolls of teleportation
 M - 3 scrolls of magic mapping
 S - 7 scrolls of brand weapon
 Y - 3 scrolls of identify
Potions
 l - a potion of resistance
 o - 8 potions of curing
 s - a potion of ambrosia
 t - 4 potions of cancellation
 w - 12 potions of magic
 z - 8 potions of brilliance
 E - 3 potions of cure mutation
 G - 7 potions of berserk rage
 H - 4 potions of haste
 P - 10 potions of flight
 W - 2 potions of invisibility
Miscellaneous
 a - the horn of Geryon
Comestibles
 f - 39 bread rations
 L - 2 fruits


   Skills:
 O Level 27 Fighting
 O Level 27 Polearms
 - Level 2.0 Throwing
 + Level 26.4 Armour
 O Level 27 Dodging
 O Level 27 Invocations
 + Level 17.6 Evocations


You had 26 spell levels left.
You didn't know any spells.

Dungeon Overview and Level Annotations

Branches:
Dungeon (15/15)            Temple (1/1) D:5            Lair (8/8) D:8
  Swamp (4/4) Lair:5       Spider (4/4) Lair:4        Slime (6/6) Lair:6
    Orc (2/2) D:9             Elf (3/3) Orc:2        Vaults (5/5) D:14
  Crypt (3/3) Vaults:3       Tomb (2/3) Crypt:3      Depths (5/5) D:15
   Hell (1/1)                 Dis (6/7) Hell            Geh (7/7) Hell
    Coc (7/7) Hell            Tar (1/7) Hell            Zot (0/5) Depths:5

Altars:
Ashenzari
Cheibriados
Dithmenos
Elyvilon
Fedhas
Gozag
Kikubaaqudgha
Makhleb
Nemelex Xobeh
Okawaru
Pakellas
Qazlal
Ru
Sif Muna
Trog
Vehumet
Xom
Yredelemnul
Zin
The Shining One
Beogh
Jiyva

Shops:
D:4 *   D:12 (   Orc:1 %   Orc:2 =(*[   Elf:2 [   Vaults:4 (   Vaults:5 *
Depths:2 [   Depths:3 !

Portals:
Hell: Depths:1 Depths:2 Depths:3 Depths:4 Depths:5
Abyss: Depths:4 Depths:5
Pandemonium: Depths:3 Depths:5


Innate Abilities, Weirdness & Mutations

You revert to your normal form in water.
You are very nimble and swift while swimming.
You are partially covered in rugged brown scales (AC +1, +3% HP).
You are partially covered in thin metallic scales (AC +2).
You tend to lose your temper in combat.
You are frail (-10% HP).
You occasionally shout uncontrollably at your foes.


Message History

You are too injured to fight recklessly!
Unknown command.
Attack whom?
Press: ? - help, Dir - move target cursor, f/p - Brimstone Fiend
Aim: a Brimstone Fiend (almost dead)
You reach to attack!
You completely miss the Brimstone Fiend.
The Brimstone Fiend is almost dead.
The Brimstone Fiend gestures at you.
The damnation unfurls!
The damnation engulfs you!
* * * LOW HITPOINT WARNING * * *
The crimson imp grinds its teeth.
The crimson imp hits you but does no damage.
Space warps horribly around you!
* * * LOW HITPOINT WARNING * * *
Drink which item? (? for menu, Esc to quit)
You feel better. The Brimstone Fiend gestures at you.
The damnation unfurls!
The damnation engulfs you!
You die...

§§≈≈≈≈§#...#§§≈≈§≈§§≈§§§§§.......
≈≈§≈≈≈≈#...#≈§§≈≈≈§§§≈§§§≈§......
#########'##≈≈§§≈§≈§≈§≈§§§≈≈.....
..........###########§§§≈§≈≈≈....
..........######### #§§§§§≈≈§§.§.
..........#..#....# #≈§≈§§§≈≈§.§.
..........#..'\5§§# #≈≈≈≈§§≈≈≈...
..........#§.#1.§§# ######≈≈≈§§..
..........#..#§.@.# #§≈≈§§..
###########..#....# #§§≈§§§.
......... #..#....# #≈§§§§§.
.....####.#..##''## #≈≈≈≈≈..
.....#[)'.#..#.... #§≈§≈§..
.....#Z)'.#..#)... #≈≈§≈§..
§....####.#..#..:. #§≈≈≈≈..
.§........#..#))..# #≈≈≈≈≈..
###'#######..#### #≈§≈≈...


You could see a Brimstone Fiend and a crimson imp.

Vanquished Creatures
  Asmodeus (Geh:7)
  the Royal Jelly (Slime:6)
  A pandemonium lord (Zig:5)
  Khufu (Crypt:3)
  Mara (Depths:1)
  An ancient lich (Vaults:4)
  7 greater mummies
  Sojobo (Vaults:3)
  Norris (Depths:1)
  17 shard shrikes
  A caustic shrike (Depths:4)
  Geryon (Hell)
  Nikola (Elf:2)
  A golden dragon (shapeshifter) (Depths:3)
  2 golden dragons
  Xtahua (Vaults:3)
  A profane servitor (Crypt:3)
  9 bone dragons
  7 iron giants
  4 Tzitzimimeh
  28 Brimstone Fiends
  13 liches
  Jorgrun (Vaults:2)
  The ghost of Duraxyll the Executioner, an adept GrBe of Trog (Slime:1)
  A Hell Sentinel (Dis:5)
  26 Ice Fiends
  2 tentacled monstrosities
  4 large abominations
  2 deep elf blademasters
  2 deep elf master archers
  7 titans
  Murray (Depths:1)
  47 acid blobs
  3 Executioners
  5 eldritch tentacles
  5 thorn hunters
  6 ancient champions
  Kirke (Lair:7)
  6 shadow dragons
  13 sphinxes
  6 tengu reavers
  7 revenants
  5 storm dragons
  Wiglaf (Crypt:2)
  32 azure jellies
  A cacodemon (Dis:4)
  6 iron dragons
  13 vault wardens
  9 deep elf sorcerers
  2 orc warlords (Orc:1)
  16 fire giants
  Louise (Swamp:3)
  16 balrugs
  The ghost of kengeki the Unseen, an adept SpEn of Makhleb (Vaults:1)
  4 ghost moths
  9 frost giants
  2 draconian shifters (Depths:5)
  A curse skull (Zig:1)
  11 emperor scorpions
  19 ironheart preservers
  A spriggan defender (Depths:3)
  72 reapers
  14 ghouls
  6 deep elf elementalists
  11 very ugly things
  31 stone giants
  5 war gargoyles
  13 vampire knights
  7 elemental wellsprings
  The ghost of DungeonMaster the Acrobat, a journeyman FeBe of Trog (Spider:2)
  Azrael (D:12)
  9 deep elf demonologists
  A dire elephant (Coc:6)
  A green draconian (Depths:5)
  17 salamander stormcallers
  2 lorocyprocas
  A white draconian (Depths:5)
  5 deep elf annihilators
  2 bennus (Tomb:1)
  A mottled draconian (Depths:5)
  2 spark wasps
  5 eidola
  13 ettins
  13 deep elf death magi
  Snorg (Lair:4)
  19 jiangshi
  20 death oozes
  6 quicksilver dragon zombies
  2 green deaths (Dis:2)
  The ghost of Elystan the Protected, a journeyman FoFi of Cheibriados (D:12)
  4 deep elf high priests
  18 mummy priests
  6 kraken zombies
  25 blizzard demons
  10 fire dragons
  41 vault guards
  13 great orbs of eyes
  6 rakshasas
  2 hell beasts
  18 hydras
  18 yaktaur captains
  8 quicksilver dragon skeletons
  2 catoblepae (Lair:8)
  36 ice dragons
  6 entropy weavers
  16 centaur warriors
  11 alligators
  4 ghost crabs
  29 dancing weapons
  A satyr (shapeshifter) (Vaults:1)
  8 death knights
  9 deep troll shamans
  21 death yaks
  7 tengu warriors
  20 ogre magi
  10 deep troll earth magi
  5 vampire magi
  11 titan zombies
  3 orc high priests
  20 hell hogs
  7 storm dragon zombies
  14 soul eaters
  62 hell knights
  18 deep elf knights
  4 small abominations
  4 iron golems
  9 spriggan berserkers
  An iron troll (Depths:5)
  30 sun demons
  14 titan skeletons
  152 skeletal warriors
  14 golden dragon zombies
  9 shadow wraiths
  2 fire crabs
  4 salamander mystics
  3 shadow demons
  9 storm dragon skeletons
  2 spriggan druids
  3 ghost moth zombies
  3 unseen horrors (D:15)
  12 death scarabs (Tomb:1)
  21 flayed ghosts
  4 giant orange brains
  18 deep trolls
  8 shadow dragon zombies
  12 swamp dragons
  9 anubis guards (Tomb:1)
  5 hill giants
  24 anaconda zombies
  5 golden dragon skeletons
  2 shambling mangroves
  20 orc knights
  21 ironbrand convokers
  16 phantasmal warriors
  18 deep elf archers
  4 harpies (Vaults:1)
  14 wolf spider zombies
  24 necromancers
  45 ugly things
  13 anaconda skeletons
  36 wolf spiders
  16 orb spiders
  14 fire giant zombies
  11 orc sorcerers
  17 frost giant zombies
  69 deep elf magi
  A manticore (Dis:4)
  6 griffons
  12 iron dragon zombies
  9 shining eyes
  2 mana vipers (shapeshifter)
  12 shadow dragon skeletons
  4 wizards
  12 cyclopes
  14 stone giant zombies
  5 moths of wrath
  10 fire giant skeletons
  13 hornets
  12 dire elephant zombies
  18 stone giant skeletons
  7 black mambas
  An octopode (shapeshifter) (Vaults:3)
  14 frost giant skeletons
  3 iron dragon skeletons
  14 vault sentinels
  9 elephants (Lair:7)
  3 ice statues
  3 shock serpent zombies
  25 salamanders
  Maurice (D:9)
  A titan simulacrum (Coc:3)
  9 molten gargoyles
  Joseph (D:7)
  A torpor snail (Spider:4)
  59 rust devils
  7 smoke demons
  3 centaur skeletons
  A gargoyle (D:13)
  4 eyes of devastation
  19 spiny frogs
  5 spectral swamp worms (Depths:4)
  2 shock serpent skeletons
  3 catoblepas zombies
  A sea snake zombie (Crypt:2)
  9 dire elephant skeletons
  18 demonic crawlers
  An alligator snapping turtle skeleton (Crypt:2)
  A black draconian zombie (Dis:5)
  27 hellions
  14 komodo dragons
  2 anaconda simulacra
  5 rime drakes
  7 tengu conjurers
  3 emperor scorpion zombies
  46 freezing wraiths
  58 tormentors
  55 yaktaurs
  A golden dragon simulacrum (Coc:6)
  7 efreet
  31 hydra zombies
  41 ice devils
  A catoblepas skeleton (Geh:1)
  A red draconian skeleton (Geh:5)
  7 trolls
  A white draconian skeleton (Crypt:1)
  30 guardian mummies
  49 jumping spiders
  6 harpy zombies
  67 red devils
  A giant leech (shapeshifter) (Depths:4)
  A merfolk (D:9)
  2 queen bees (shapeshifter)
  16 hydra skeletons
  A purple draconian skeleton (Crypt:1)
  A minotaur zombie (Dis:1)
  5 giant leeches
  32 two-headed ogres
  A minotaur skeleton (Coc:3)
  Grinder (D:4)
  2 boulder beetles (shapeshifter)
  7 boulder beetles
  13 ettin zombies
  14 ice dragon zombies
  4 ushabtiu (Tomb:1)
  252 slime creatures
  14 fire dragon zombies
  2 harpy skeletons
  18 alligator zombies
  A frost giant simulacrum (Coc:7)
  A human simulacrum (Vaults:2)
  14 blink frogs
  A shock serpent simulacrum (Crypt:3)
  An iron dragon simulacrum (Coc:7)
  3 air elementals
  2 stone giant simulacra
  A fire giant simulacrum (Coc:1)
  A spectral swamp dragon (Crypt:3)
  251 flying skulls
  6 alligator skeletons
  39 shadows
  A griffon skeleton (Crypt:1)
  A spriggan (shapeshifter) (Vaults:1)
  7 spriggans
  60 yaks
  34 water elementals
  100 redbacks
  2 fire dragon skeletons
  55 wraiths
  2 black mamba skeletons
  14 ettin skeletons
  9 ice dragon skeletons
  2 black mamba zombies
  A hog (shapeshifter) (Vaults:4)
  2 humans (Lair:7)
  A ynoxinul (Dis:4)
  A basilisk (Lair:5)
  10 hippogriffs
  47 tarantellas
  33 fire elementals
  9 golden eyes
  A basilisk (shapeshifter) (Vaults:1)
  3 fire bats (Geh:2)
  A steam dragon (Lair:7)
  7 hungry ghosts
  26 vampire mosquitoes
  Menkaure (D:7)
  8 spatial vortices
  2 mottled dragons
  An emperor scorpion simulacrum (Coc:5)
  19 swamp worms
  2 hydra simulacra
  7 wargs
  11 insubstantial wisps
  A putrid demonspawn zombie (Dis:2)
  2 soldier ants
  14 spiny frog zombies
  17 water moccasins
  3 merfolk zombies
  A water moccasin (shapeshifter) (D:15)
  2 merfolk skeletons
  10 porcupines
  86 hell hounds
  9 swamp drakes
  5 swamp dragon zombies
  3 tengu skeletons
  46 orc warriors
  8 snapping turtle zombies
  An anubis guard zombie (Crypt:2)
  An ettin simulacrum (Coc:2)
  19 ice beasts
  4 phantoms
  8 sky beasts
  5 spiny frog skeletons
  5 manticore zombies
  2 black bears
  2 black bears (shapeshifter)
  73 ogres
  14 eyes of draining
  28 wasps
  2 wolves (shapeshifter) (Vaults:4)
  10 wolves
  11 boggarts
  An eye of draining (shapeshifter) (Vaults:5)
  A hog zombie (Crypt:1)
  24 necrophages
  26 centaurs
  3 snapping turtle skeletons
  An elf skeleton (Vaults:2)
  A lindwurm skeleton (Crypt:2)
  3 manticore skeletons
  4 swamp dragon skeletons
  23 crocodiles
  An elf zombie (Dis:3)
  3 big kobolds
  20 giant frogs
  A giant frog (shapeshifter) (Depths:4)
  4 earth elementals
  5 spiny frog simulacra
  2 wyvern skeletons
  A draconian skeleton (Crypt:1)
  A scorpion (shapeshifter) (Vaults:1)
  36 scorpions
  The ghost of azmarco the Ducker, a weakling TrFi of Gozag (D:4)
  A spriggan zombie (Geh:5)
  A snapping turtle simulacrum (Coc:7)
  A manticore simulacrum (Coc:2)
  2 troll skeletons
  25 killer bees
  7 electric eels
  67 wights
  6 howler monkeys
  25 crimson imps
  4 giant frog zombies
  5 human zombies
  22 bog bodies
  12 hounds
  Crazy Yiuf (D:7)
  A wasp zombie (D:10)
  10 centaur zombies
  22 orc priests
  A giant frog skeleton (D:11)
  47 jellies
  A gnoll shaman (D:7)
  32 orc wizards
  38 iron imps
  2 human skeletons
  Natasha (thrice) (D:2 D:4)
  A demonspawn skeleton (Crypt:2)
  7 worker ants
  15 iguanas
  15 hell rats
  A killer bee zombie (Ossuary)
  9 sheep
  2 tengu zombies
  2 ogre zombies
  A crocodile skeleton (Crypt:2)
  A demigod skeleton (Crypt:1)
  A dwarf skeleton (Crypt:2)
  2 hound zombies
  2 hound skeletons
  66 mummies
  4 worker ant zombies
  Robin (D:2)
  22 gnolls
  12 adders
  2 howler monkey skeletons
  77 river rats
  2 shadow imps
  A swamp drake skeleton (Crypt:2)
  29 white imps
  2 adder zombies
  An adder skeleton (D:6)
  7 worms
  A dart slug (D:2)
  3 giant geckos
  104 orcs
  5 bats
  6 giant cockroaches
  13 goblins
  14 hobgoblins
  9 jackals
  5 quokkas
  A ball python (D:2)
  A giant cockroach zombie (Ossuary)
  A giant gecko skeleton (D:6)
  8 giant newts
  A giant newt (shapeshifter) (Vaults:2)
  25 kobolds
  2 kobold skeletons
  A kobold zombie (Dis:4)
  An orc skeleton (Coc:3)
  8 orc zombies
  A quokka skeleton (D:9)
  3 quokka zombies
  8 rats
  10 briar patches (Swamp:3)
  4 crawling corpses
  20 fire vortices
  88 fungi
  43 plants
  8 tentacles
  A tentacle segment (Coc:5)
5461 creatures vanquished.

Vanquished Creatures (collateral kills)
  Antaeus (Hell)
  the Lernaean hydra (Swamp:4)
  Rupert (D:12)
  An acid blob (Slime:6)
  An azure jelly (Slime:6)
  Aizul (Spider:2)
  A vault warden (Vaults:2)
  An orc warlord (Orc:2)
  A death ooze (Slime:6)
  A great orb of eyes (Slime:1)
  9 hydras
  A catoblepas (Lair:8)
  A death knight (D:15)
  An alligator (Swamp:1)
  2 dancing weapons (Elf:2)
  Nergalle (Orc:2)
  A deep elf knight (Orc:1)
  An anubis guard (Tomb:1)
  A demonic crawler (Spider:3)
  A jumping spider (Spider:3)
  A slime creature (Swamp:4)
  2 redbacks
  2 swamp worms (Swamp:1)
  A hell hound (Zig:4)
  A swamp drake (Swamp:4)
  An orc warrior (Orc:1)
  A giant frog (Lair:5)
  2 orc priests
  A jelly (Slime:6)
  An iron imp (Dis:4)
  3 river rats
45 creatures vanquished.

Vanquished Creatures (others)
  Boris (Vaults:4)
  A lich (Geh:5)
  An acid blob (Slime:6)
  A deep elf master archer (Elf:3)
  3 eldritch tentacles
  A fire giant (Dis:6)
  2 deep elf elementalists
  An ice dragon (Coc:7)
  A hell hog (Geh:1)
  A hell knight (Dis:6)
  2 deep elf knights
  A skeletal warrior (Crypt:1)
  An ironbrand convoker (Vaults:5)
  A deep elf mage (Elf:1)
  A stone giant skeleton (Geh:7)
  A white draconian skeleton (Geh:7)
  A tormentor (Coc:2)
  A yaktaur (Depths:1)
  An ushabti (Tomb:1)
  5 flying skulls
  A redback (Spider:3)
  2 wraiths
  A vampire mosquito (Vaults:3)
  A human (Lair:7)
  A swamp worm (Swamp:2)
  A porcupine (Lair:7)
  3 swamp drakes
  A wasp (Swamp:1)
  2 boggarts
  2 necrophages
  2 wolves (IceCv)
  A snapping turtle skeleton (Coc:7)
  A giant frog (D:13)
  A scorpion (Spider:2)
  2 wights
  An iron imp (Dis:6)
  An orc priest (D:11)
  An orc wizard (D:11)
  3 river rats (Lair:7)
  2 orcs (D:11)
  2 briar patches (Swamp:3)
  A bush (Lair:8)
  3 crawling corpses (Vaults:5)
  349 eldritch tentacle segments
  23 fungi
  7 lost souls
  22 plants
  26 tentacles
  1103 tentacle segments
  4 withered plants (Ossuary)
1598 creatures vanquished.

Grand Total: 7104 creatures vanquished

Notes
Turn   | Place    | Note
--------------------------------------------------------------
     0 | D:1      | KarmaPolice the Merfolk Gladiator began the quest for the Orb.
     0 | D:1      | Reached XP level 1. HP: 16/16 MP: 1/1
   219 | D:1      | Reached XP level 2. HP: 23/23 MP: 2/2
   777 | D:2      | Reached skill level 1 in Armour
   780 | D:2      | Reached XP level 3. HP: 28/28 MP: 3/3
   951 | D:2      | Found an oddly glowing altar of Pakellas.
  1197 | D:2      | Noticed Robin
  1330 | D:2      | Killed Robin
  1330 | D:2      | Reached skill level 5 in Polearms
  1330 | D:2      | Reached XP level 4. HP: 11/35 MP: 4/4
  1691 | D:2      | Noticed Natasha
  1703 | D:2      | Killed Natasha
  2368 | D:3      | Reached XP level 5. HP: 36/41 MP: 5/5
  2881 | D:3      | HP: 2/41 [gnoll/halberd of freezing (4)]
  3581 | D:3      | Reached skill level 5 in Dodging
  3934 | D:4      | Noticed Grinder
  3972 | D:4      | Killed Grinder
  3972 | D:4      | Reached XP level 6. HP: 19/49 MP: 6/6
  4257 | D:4      | Reached XP level 7. HP: 44/55 MP: 7/7
  4376 | D:4      | Noticed Natasha
  4384 | D:4      | Killed Natasha
  4387 | D:4      | Found an opulent altar of Gozag.
  4397 | D:4      | Found Fiwnoaro's Assorted Antiques.
  4430 | D:4      | Noticed azmarco's ghost (weakling TrFi)
  4444 | D:4      | Killed azmarco's ghost
  4833 | D:4      | Noticed Natasha
  4840 | D:4      | Killed Natasha
  4840 | D:4      | Reached skill level 5 in Fighting
  5016 | D:5      | Entered Level 5 of the Dungeon
  5176 | D:5      | Reached XP level 8. HP: 57/63 MP: 8/8
  5292 | D:5      | Found a staircase to the Ecumenical Temple.
  5309 | Temple   | Entered the Ecumenical Temple
  6043 | D:6      | Noticed a troll
  6181 | D:6      | Found an oddly glowing altar of Pakellas.
  7260 | D:7      | Reached XP level 9. HP: 61/72 MP: 9/9
  7276 | D:7      | Noticed Joseph
  7566 | D:6      | HP: 3/72 [gnoll (5)]
  8024 | D:7      | Reached skill level 10 in Polearms
  8141 | D:7      | Noticed Menkaure
  8513 | D:7      | Killed Menkaure
  8699 | D:7      | Killed Joseph
  8699 | D:7      | Reached skill level 5 in Armour
 10502 | D:7      | Noticed Crazy Yiuf
 10512 | D:7      | Killed Crazy Yiuf
 10796 | D:8      | Reached XP level 10. HP: 82/82 MP: 10/10
 10809 | D:8      | Found a deep blue altar of Sif Muna.
 10831 | D:8      | Identified Sif Muna's Incunabulum of Attacks
 10900 | D:8      | Found a staircase to the Lair.
 11205 | D:8      | Found a glowing golden altar of the Shining One.
 11208 | D:8      | Found a stormy altar of Qazlal.
 11212 | D:8      | Became a worshipper of Qazlal Stormbringer
 11216 | D:8      | Found a bloodstained altar of Trog.
 11259 | D:8      | Found a sand-covered staircase.
 11262 | Ossuary  | Entered an ossuary
 11332 | Ossuary  | Reached skill level 1 in Invocations
 11762 | Ossuary  | Reached * piety under Qazlal
 12500 | D:9      | Noticed Maurice
 12517 | D:9      | Killed Maurice
 12584 | D:9      | Found a shadowy altar of Dithmenos.
 12630 | D:9      | Found an iron altar of Okawaru.
 12763 | D:9      | Found a staircase to the Orcish Mines.
 12892 | D:9      | Found a shattered altar of Ashenzari.
 12919 | D:10     | Entered Level 10 of the Dungeon
 13097 | Lair:1   | Entered Level 1 of the Lair of Beasts
 13530 | Lair:1   | Reached skill level 10 in Fighting
 13530 | Lair:1   | Reached XP level 11. HP: 71/90 MP: 12/14
 13536 | Lair:1   | Reached ** piety under Qazlal
 14610 | Lair:2   | Found a frozen archway.
 14635 | Lair:2   | Reached *** piety under Qazlal
 14929 | IceCv    | Entered an ice cave
 14981 | Lair:2   | Reached skill level 5 in Invocations
 16101 | Lair:3   | Noticed a four-headed hydra
 19120 | Lair:3   | Reached XP level 12. HP: 83/100 MP: 16/16
 19680 | Lair:4   | Reached **** piety under Qazlal
 20318 | Lair:4   | Found a hole to the Spider Nest.
 20457 | Lair:5   | Noticed a four-headed hydra
 20489 | Lair:5   | Noticed Snorg
 20554 | Lair:4   | Noticed a six-headed hydra
 20670 | Lair:4   | Killed a six-headed hydra
 21008 | Lair:4   | Killed Snorg
 21655 | Lair:5   | Killed a four-headed hydra
 21655 | Lair:5   | Reached skill level 15 in Polearms
 22206 | Lair:5   | Found a staircase to the Swamp.
 23314 | Lair:6   | Reached XP level 13. HP: 58/108 MP: 19/19
 23827 | Lair:6   | Found a staircase to the Slime Pits.
 24417 | Lair:7   | Noticed Kirke
 24559 | Lair:7   | Killed Kirke
 24722 | Lair:7   | Reached ***** piety under Qazlal
 26220 | Lair:7   | Reached skill level 10 in Invocations
 26285 | Lair:8   | Entered Level 8 of the Lair of Beasts
 26622 | Lair:8   | Got a fine robe
 26667 | Lair:8   | Identified the +1 robe of a bailey {rF+ rN+ Dex+5} (You found it on level 8 of the Lair of Beasts)
 26781 | Lair:8   | Reached XP level 14. HP: 109/118 MP: 21/21
 27298 | Lair:8   | Reached skill level 10 in Dodging
 27532 | Lair:8   | Got a wavering tin amulet
 29871 | Orc:1    | Entered Level 1 of the Orcish Mines
 29997 | D:9      | Reached XP level 15. HP: 117/127 MP: 23/23
 30403 | Orc:1    | Noticed an orc warlord
 30435 | Orc:1    | Killed an orc warlord
 31092 | Orc:2    | Entered Level 2 of the Orcish Mines
 31277 | Orc:1    | Found Omakojej's Food Shoppe.
 31280 | Orc:1    | Noticed an orc warlord
 32252 | Orc:2    | Found a staircase to the Elven Halls.
 32322 | Orc:2    | Noticed Nergalle
 32322 | Orc:2    | Noticed an orc warlord
 32760 | Orc:2    | Killed Nergalle
 32761 | Orc:2    | Killed an orc warlord
 33274 | Orc:2    | Found a roughly hewn altar of Beogh.
 33357 | Orc:2    | Found Mozucuph's General Store.
 33386 | Orc:2    | Found Xahy's Jewellery Shop.
 33408 | Orc:2    | Found Apritesk's Antique Weapon Shop.
 33520 | Orc:2    | Found Booruuqi's Antique Armour Shop.
 33685 | Orc:2    | Bought a potion of magic for 112 gold pieces
 33685 | Orc:2    | Bought a potion of cure mutation for 350 gold pieces
 33701 | Orc:2    | Bought the ring of Jaimyrir {SustAt MR+ Dex+3 Slay+3 SInv} for 957 gold pieces
 34030 | Orc:1    | Killed an orc warlord
 34755 | D:10     | Identified the amulet of Umariro {Reflect rElec MR- SH+5 SInv Stlth+} (You found it on level 8 of the Lair of Beasts)
 35173 | D:11     | Reached skill level 15 in Fighting
 35416 | D:11     | Got a translucent tin ring
 35907 | D:12     | Noticed Rupert
 35918 | D:12     | Killed Rupert
 35943 | D:12     | Identified the ring "Xeole" {*Tele Int+6} (You found it on level 11 of the Dungeon)
 36046 | D:12     | Noticed Azrael
 36060 | D:12     | Killed Azrael
 36087 | D:12     | Noticed Elystan's ghost (journeyman FoFi)
 36111 | D:12     | Killed Elystan's ghost
 36367 | D:12     | Found Soyxag's Antique Weapon Shoppe.
 36656 | D:12     | Reached ****** piety under Qazlal
 36718 | D:12     | Reached XP level 16. HP: 136/136 MP: 25/25
 37055 | D:13     | Found a flagged portal.
 37064 | Bailey   | Entered a bailey
 37206 | Bailey   | Found a bloodstained altar of Trog.
 38140 | D:14     | Reached skill level 10 in Armour
 38637 | D:14     | Found a gate to the Vaults.
 39051 | D:15     | Entered Level 15 of the Dungeon
 39994 | D:15     | Found a staircase to the Depths.
 41319 | Spider:1 | Entered Level 1 of the Spider Nest
 41358 | Lair:4   | Reached XP level 17. HP: 105/144 MP: 27/27
 43716 | Spider:2 | Noticed Aizul
 43727 | Spider:2 | Killed Aizul
 43892 | Spider:2 | Reached skill level 15 in Invocations
 44278 | Spider:2 | Noticed DungeonMaster's ghost (journeyman FeBe)
 44337 | Spider:2 | Killed DungeonMaster's ghost
 45425 | Spider:3 | Reached XP level 18. HP: 148/153 MP: 29/29
 46186 | Spider:4 | Entered Level 4 of the Spider Nest
 49128 | Spider:4 | Got a gossamer rune of Zot
 49599 | Swamp:1  | Entered Level 1 of the Swamp
 51439 | Swamp:2  | Reached skill level 15 in Dodging
 51853 | Swamp:2  | Reached XP level 19. HP: 147/159 MP: 31/31
 52603 | Swamp:3  | Noticed Louise
 52705 | Swamp:3  | Killed Louise
 53545 | Swamp:4  | Entered Level 4 of the Swamp
 54485 | Swamp:4  | Paralysed by a hornet for 2 turns
 54836 | Swamp:4  | Noticed the 27-headed Lernaean hydra
 56739 | Swamp:4  | Killed the 27-headed Lernaean hydra
 57555 | Swamp:4  | Got a decaying rune of Zot
 58219 | Elf:1    | Entered Level 1 of the Elven Halls
 59153 | Elf:1    | Noticed an Ice Fiend
 59783 | Elf:2    | Reached XP level 20. HP: 166/166 MP: 32/32
 59983 | Elf:2    | Found Esabeyjiff's Armour Shoppe.
 60403 | Elf:2    | Found a huge runed gate.
 60403 | Elf:2    | Found a huge runed gate.
 60403 | Elf:2    | Found a huge runed gate.
 60403 | Elf:2    | Found a huge runed gate.
 60406 | Elf:2    | Found a huge runed gate.
 61507 | Elf:3    | Entered Level 3 of the Elven Halls
 61510 | Elf:3    | Noticed Nikola
 61576 | Elf:2    | Killed Nikola
 61864 | Elf:3    | Noticed a Tzitzimitl
 62064 | Elf:3    | Noticed a Brimstone Fiend
 62358 | Elf:2    | Got a scintillating jade ring
 62366 | Elf:2    | Identified the ring "Oblem" {Ice rN+ Slay+2 Stlth+} (You took it off a deep elf death mage on level 2 of the Elven Halls)
 63468 | Elf:3    | Noticed a Brimstone Fiend
 63469 | Elf:3    | Noticed a Tzitzimitl
 63637 | Elf:3    | Reached XP level 21. HP: 171/172 MP: 34/34
 63743 | Elf:3    | Identified 2 scrolls of acquirement
 63900 | Elf:3    | Found a portal to a secret trove of treasure.
 64650 | Elf:3    | Got a sparkling tin ring
 64661 | Elf:3    | Identified Sif Muna's Handbook of the Arsonist (You found it on level 3 of the Elven Halls)
 64727 | Elf:3    | Identified the ring "Mutiqed" {*Tele rF+ rC- rN+++ Dex+4} (You took it off a deep elf annihilator on level 3 of the Elven Halls)
 64740 | Elf:3    | Identified Faguhoty's Disquisition on Transformation and Displacement
 64747 | Elf:3    | Identified a +7 rod of shadows (11/11) (You found it on level 3 of the Elven Halls)
 64788 | Elf:3    | Got a polished spear
 64800 | Elf:3    | Identified the +8 spear "Qootunim" {pain, Int+2 Dex+8} (You found it on level 3 of the Elven Halls)
 65203 | Orc:2    | Bought a cursed -4 ring of dexterity for 36 gold pieces
 65203 | Orc:2    | Bought a +1 ring of protection for 54 gold pieces
 65203 | Orc:2    | Bought a cursed -2 ring of protection for 36 gold pieces
 65203 | Orc:2    | Bought the amulet "Nemir" {Gourm MR++ Str+3 Dex+2 Stlth-} for 981 gold pieces
 65203 | Orc:2    | Bought a cursed ring of loudness for 81 gold pieces
 65224 | Orc:2    | Bought a bread ration for 70 gold pieces
 65667 | Vaults:1 | Entered Level 1 of the Vaults
 65977 | Vaults:1 | Got a shimmering triple crossbow
 65996 | Vaults:1 | Noticed kengeki's ghost (adept SpEn)
 66005 | Vaults:1 | Killed kengeki's ghost
 67760 | Vaults:2 | Reached XP level 22. HP: 159/179 MP: 35/35
 68633 | Vaults:2 | Noticed Jorgrun
 68647 | Vaults:2 | Killed Jorgrun
 69367 | Vaults:3 | Noticed Xtahua
 69383 | Vaults:3 | Killed Xtahua
 69671 | Vaults:3 | Found a staircase to the Crypt.
 69671 | Vaults:3 | Found a basalt altar of Yredelemnul.
 69672 | Vaults:3 | Found an ancient bone altar of Kikubaaqudgha.
 69724 | Vaults:3 | Got a bloodstained scimitar
 69725 | Vaults:3 | Identified the +8 scimitar "Ocsicein" {freeze, Dex+2} (You found it on level 3 of the Vaults)
 69956 | Vaults:3 | Reached skill level 15 in Armour
 70065 | Vaults:3 | Noticed Sojobo
 70110 | Vaults:3 | Killed Sojobo
 70408 | Vaults:3 | Gained mutation: You tend to lose your temper in combat. [mutagenic glow]
 71540 | Slime:1  | Entered Level 1 of the Pits of Slime
 71551 | Slime:1  | Noticed Duraxyll's ghost (adept GrBe)
 71850 | Slime:1  | Killed Duraxyll's ghost
 73120 | Slime:3  | Gained mutation: Your magical capacity is low (-10% MP). [a shining eye]
 73221 | Slime:2  | Reached XP level 23. HP: 181/187 MP: 33/33
 74071 | Slime:2  | Gained mutation: You are clumsy. (Dex -2) [a shining eye]
 74076 | Slime:3  | Gained mutation: You are occasionally teleported next to monsters. [a shining eye]
 74078 | Slime:3  | Gained mutation: You expend magic power (3 MP) to strengthen your wands. [a shining eye]
 74255 | Slime:1  | Gained mutation: Your magical capacity is very low (-20% MP). [a shining eye]
 74257 | Slime:1  | Gained mutation: Armour fits poorly on your strangely shaped body. [a shining eye]
 74653 | Slime:2  | Lost mutation: You are clumsy. (Dex -2) [potion of cure mutation]
 74653 | Slime:2  | Lost mutation: Armour fits poorly on your strangely shaped body. [potion of cure mutation]
 74653 | Slime:2  | Lost mutation: You expend magic power (3 MP) to strengthen your wands. [potion of cure mutation]
 74653 | Slime:2  | Lost mutation: You tend to lose your temper in combat. [potion of cure mutation]
 74653 | Slime:2  | Lost mutation: Your magical capacity is very low (-20% MP). [potion of cure mutation]
 74736 | Slime:3  | Reached skill level 27 in Polearms
 74904 | Slime:4  | Found a viscous altar of Jiyva.
 75070 | Slime:4  | Gained mutation: You tend to lose your temper in combat. [a shining eye]
 75071 | Slime:4  | Gained mutation: Armour fits poorly on your strangely shaped body. [a shining eye]
 75075 | Slime:4  | Gained mutation: You are clumsy. (Dex -2) [a shining eye]
 75276 | Slime:4  | Lost mutation: Your magical capacity is low (-10% MP). [potion of cure mutation]
 75276 | Slime:4  | Lost mutation: Armour fits poorly on your strangely shaped body. [potion of cure mutation]
 75276 | Slime:4  | Lost mutation: You are clumsy. (Dex -2) [potion of cure mutation]
 75276 | Slime:4  | Lost mutation: You are occasionally teleported next to monsters. [potion of cure mutation]
 75276 | Slime:4  | Lost mutation: You tend to lose your temper in combat. [potion of cure mutation]
 76280 | Slime:6  | Entered Level 6 of the Pits of Slime
 76309 | Slime:6  | Noticed the Royal Jelly
 79912 | Slime:6  | Killed the Royal Jelly
 80372 | Slime:4  | Reached XP level 24. HP: 130/194 MP: 37/37
 81443 | Slime:6  | Got a slimy rune of Zot
 81458 | Slime:6  | Got a sparkling platinum amulet
 81601 | Slime:6  | Identified the amulet of the Philosopher {Spirit *Drain rF+ MR+ Dex+4} (You found it on level 6 of the Pits of Slime)
 83752 | Vaults:4 | Noticed Boris
 83794 | Vaults:4 | Killed Boris
 84298 | Vaults:4 | Found a shimmering altar of Xom.
 84671 | Vaults:4 | Found Vuoskill's Weapon Shop.
 84922 | Vaults:4 | Got a pair of slimy gloves
 84933 | Vaults:4 | Identified the +2 pair of gloves of the Accordion {rC- Int+4} (You found it on level 4 of the Vaults)
 85291 | Vaults:4 | Bought a +3 demon blade for 544 gold pieces
 85839 | D:9      | Gained mutation: You are partially covered in rugged brown scales (AC +1, +3% HP). [potion of beneficial mutation]
 86090 | Elf:3    | You paid a toll of a +7 demon blade to enter a treasure trove
 86091 | Trove    | Entered a treasure trove
 86098 | Trove    | Got a pair of slimy boots
 86104 | Trove    | Identified the +2 pair of boots of Myxoagiq {rPois rN+ Regen+ Dex-5} (You found it in a treasure trove)
 86106 | Trove    | Got a pair of ancient boots
 86117 | Trove    | Identified the +0 pair of boots of Hysteria {rPois Regen+} (You found it in a treasure trove)
 86146 | Trove    | Identified a +1 pair of boots of running (You found it in a treasure trove)
 86164 | Trove    | Got a pair of smoking boots
 86177 | Trove    | Identified the +0 pair of boots of Indecent Exposure {MR- Str+6 Dex+7} (You found it in a treasure trove)
 86896 | Depths:1 | Entered Level 1 of the Depths
 87343 | Depths:1 | Noticed Norris
 87362 | Depths:1 | Killed Norris
 87754 | Depths:1 | Noticed Mara
 87774 | Depths:1 | Killed Mara
 88073 | Depths:1 | Found a gateway to Hell.
 88535 | Depths:2 | Reached XP level 25. HP: 168/212 MP: 38/38
 88662 | Depths:2 | Found Onwuruh's Antique Armour Boutique.
 88665 | Depths:2 | Bought a runed helmet for 117 gold pieces
 88909 | Depths:2 | Noticed a greater mummy
 88926 | Depths:2 | Killed a greater mummy
 89112 | Depths:2 | Noticed a greater mummy
 89125 | Depths:2 | Killed a greater mummy
 90192 | Depths:3 | Found a gateway to a ziggurat.
 90323 | Depths:3 | Found Axilinte's Distillery.
 90479 | Depths:3 | Found a runed gate.
 90479 | Depths:3 | Found a runed gate.
 90479 | Depths:3 | Found a runed gate.
 90805 | Depths:3 | Found a one-way gate leading to the halls of Pandemonium.
 91508 | Depths:3 | Got a twitching jade ring
 91509 | Depths:3 | Identified the ring of Jujew {+Fly rN+ MR- EV+1} (You took it off a spriggan defender on level 3 of the Depths)
 91518 | Depths:3 | Found a runed gate.
 91518 | Depths:3 | Found a runed gate.
 91518 | Depths:3 | Found a runed gate.
 92684 | Vaults:5 | Entered Level 5 of the Vaults
 92685 | Vaults:5 | Reached XP level 26. HP: 224/224 MP: 38/38
 92729 | Vaults:5 | Noticed an ancient lich
 93209 | Vaults:4 | Killed an ancient lich
 94603 | Vaults:5 | Found Birar's Assorted Antiques.
 94752 | Vaults:5 | Got a polished gold dragon armour
 94916 | Vaults:5 | Reached XP level 27. HP: 234/234 MP: 38/38
 95397 | Vaults:5 | Identified a +3 rod of shadows (12/12) (You found it on level 5 of the Vaults)
 95841 | Vaults:5 | Identified the +1 gold dragon armour of the Earth {rPois rF+ rC+ Regen+ Str+2} (You found it on level 5 of the Vaults)
 95990 | Vaults:5 | Got a silver rune of Zot
 96295 | Vaults:5 | Got a warped trident
 96296 | Vaults:5 | Identified the +2 trident "Dakoe" {antimagic, rElec rF+ Int+5} (You found it on level 5 of the Vaults)
 96603 | Crypt:1  | Entered Level 1 of the Crypt
 97966 | Crypt:2  | Noticed Wiglaf
 97987 | Crypt:2  | Killed Wiglaf
 98373 | Crypt:2  | Found an ancient bone altar of Kikubaaqudgha.
 98647 | Crypt:3  | Entered Level 3 of the Crypt
 99043 | Crypt:3  | Found a basalt altar of Yredelemnul.
 99665 | Crypt:3  | Identified a +2 rod of ignition (9/9) (You found it on level 3 of the Crypt)
 99875 | Crypt:3  | Noticed Khufu
 99930 | Crypt:3  | Killed Khufu
100450 | Crypt:3  | Found a staircase to the Tomb.
100473 | Tomb:1   | Entered Level 1 of the Tomb of the Ancients
101184 | Tomb:1   | Noticed a greater mummy
101412 | Tomb:1   | Killed a greater mummy
102986 | Tomb:2   | Noticed a greater mummy
102986 | Tomb:2   | Noticed a greater mummy
102986 | Tomb:2   | Noticed a greater mummy
102986 | Tomb:2   | Noticed a greater mummy
103891 | Hell     | Entered the Vestibule of Hell
103891 | Hell     | Noticed Geryon
104221 | Depths:3 | Found a bloodstained altar of Trog.
104328 | Depths:3 | Bought a potion of agility for 72 gold pieces
104502 | Depths:4 | Found a one-way gate to the infinite horrors of the Abyss.
105038 | Depths:5 | Entered Level 5 of the Depths
105149 | Depths:5 | Found a gate to the Realm of Zot.
106234 | Zig:1    | Entered Level 1 of a ziggurat
106496 | Zig:2    | Entered Level 2 of a ziggurat
106627 | Zig:3    | Entered Level 3 of a ziggurat
106694 | Zig:4    | Entered Level 4 of a ziggurat
106735 | Zig:4    | Identified the Disquisition on Damaging Curses
106747 | Zig:4    | Got a shimmering silver ring
106748 | Zig:4    | Identified the ring of Inwacw {rCorr rN+ Str-4 Int+6 Slay+2} (You found it on level 4 of a ziggurat)
106758 | Zig:5    | Entered Level 5 of a ziggurat
106760 | Zig:5    | Noticed Wecaump the pandemonium lord
106775 | Zig:5    | Killed Wecaump the pandemonium lord
108154 | Tomb:1   | Killed a greater mummy
109030 | Tomb:2   | Gained mutation: You tend to lose your temper in combat. [a neqoxec]
109086 | Tomb:1   | Killed a greater mummy
109977 | Tomb:1   | Killed a greater mummy
110181 | Tomb:1   | Killed a greater mummy
112912 | Hell     | Noticed Murray
112924 | Hell     | Killed Geryon
112945 | Depths:1 | Killed Murray
113117 | Hell     | Found a gateway to the decaying netherworld of Tartarus.
113170 | Hell     | Found a gateway to the freezing wastes of Cocytus.
113220 | Hell     | Reached skill level 1 in Evocations
113447 | Hell     | Found a gateway to the Iron City of Dis.
113487 | Hell     | Found a gateway to the ashen valley of Gehenna.
113551 | Geh:1    | Entered Level 1 of Gehenna
114218 | Geh:1    | Reached skill level 5 in Evocations
114942 | Dis:1    | Entered Level 1 of the Iron City of Dis
117853 | Dis:3    | Reached skill level 10 in Evocations
119387 | Dis:4    | Gained mutation: Potions and wands are less effective at restoring your health. [a cacodemon]
122638 | Dis:4    | Got an ichor-stained scythe
122642 | Dis:4    | Identified the +7 scythe of Wyrd {slice, rElec Str+3 Dex+8 Stlth-} (You found it on level 4 of the Iron City of Dis)
123333 | Dis:4    | Gained mutation: You expend magic power (3 MP) to strengthen your wands. [mutagenic glow]
123366 | Dis:4    | Gained mutation: You are weak. (Str -2) [mutagenic glow]
123440 | Dis:4    | Gained mutation: You are very weak. (Str -4) [mutagenic glow]
123502 | Dis:4    | Lost mutation: Potions and wands are less effective at restoring your health. [potion of cure mutation]
123502 | Dis:4    | Lost mutation: You expend magic power (3 MP) to strengthen your wands. [potion of cure mutation]
123502 | Dis:4    | Lost mutation: You are very weak. (Str -4) [potion of cure mutation]
123502 | Dis:4    | Lost mutation: You tend to lose your temper in combat. [potion of cure mutation]
123502 | Dis:4    | Lost mutation: You are weak. (Str -2) [potion of cure mutation]
124475 | Coc:1    | Entered Level 1 of Cocytus
124501 | Coc:1    | Reached skill level 27 in Dodging
131706 | Coc:7    | Entered Level 7 of Cocytus
133483 | Coc:7    | Gained mutation: You occasionally shout uncontrollably at your foes. [mutagenic glow]
134877 | Coc:7    | Noticed Antaeus
135495 | Hell     | Killed Antaeus
136389 | Coc:7    | Got a pair of spiked gloves
136412 | Coc:7    | Identified the +0 pair of gloves "Unodghim" {rF+ MR- rCorr Str+5} (You found it on level 7 of Cocytus)
136530 | Coc:7    | Got a fine glaive
136555 | Coc:7    | Identified the cursed +0 glaive of Qoem {distort, rF+ rN+ Str+2} (You found it on level 7 of Cocytus)
136584 | Coc:7    | Got an icy rune of Zot
136686 | Tar:1    | Entered Level 1 of Tartarus
137909 | Geh:3    | Reached skill level 27 in Invocations
137989 | Geh:3    | Reached skill level 27 in Fighting
139437 | Geh:4    | Gained mutation: You are partially covered in thin metallic scales (AC +2). [potion of beneficial mutation]
140555 | Geh:5    | Reached skill level 15 in Evocations
142120 | Geh:7    | Entered Level 7 of Gehenna
142979 | Geh:7    | Gained mutation: You are frail (-10% HP). [mutagenic glow]
143037 | Geh:7    | Gained mutation: You tend to lose your temper in combat. [mutagenic glow]
144100 | Geh:7    | Noticed Asmodeus
144149 | Geh:7    | Killed Asmodeus
144261 | Geh:7    | HP: 7/208 [crimson imp/bone spear {distort} (16)]
144262 | Geh:7    | Killed from afar by a Brimstone Fiend

Skill      XL: |  1  2  3  4  5  6  7  8  9 10 11 12 13 14 15 16 17 18 19 20 21 22 23 24 25 26 27 |
---------------+----------------------------------------------------------------------------------+-----
Armour         | 1 2 3 4 5 6 7 8 9 10 11 12 13 14 15 16 17 26 | 26.4
Fighting       | 3 4 5 7 8 10 11 12 13 14 15 16 17 18 20 21 27 | 27.0
Polearms       | 5 6 7 9 11 12 14 15 16 18 19 20 21 22 23 24 25 26 27 | 27.0
Dodging        | 5 6 9 11 12 13 15 16 17 18 20 21 27 | 27.0
Invocations    | 4 6 8 10 11 13 14 15 16 17 18 19 20 21 22 23 27 | 27.0
Evocations     | 17 | 17.6
Throwing       | |  2.0

Action                   |  1- 3 |  4- 6 |  7- 9 | 10-12 | 13-15 | 16-18 | 19-21 | 22-24 | 25-27 || total
-------------------------+-------+-------+-------+-------+-------+-------+-------+-------+-------++-------
Melee: Trident           |    98 |    81 |       |       |       |       |       |       |       ||   179
       Halberd           |       |    41 |   413 |   962 |  1493 |  1982 |   568 |       |       ||  5459
       Spear             |       |    18 |       |       |       |       |       |       |       ||    18
       Tailslap          |       |       |       |     9 |     5 |    17 |    34 |     1 |   233 ||   299
       Glaive            |       |       |       |       |       |       |  1158 |  2143 | 10219 || 13520
 Fire: Blowgun           |       |       |     5 |       |       |       |       |       |       ||     5
Throw: Throwing net      |       |       |       |     5 |     3 |       |       |     2 |       ||    10
Invok: Elemental Force   |       |       |       |     2 |    11 |    14 |    11 |    18 |    15 ||    71
       Disaster Area     |       |       |       |       |       |       |       |       |     6 ||     6
Evoke: Wand              |       |       |     1 |     6 |     3 |     3 |     4 |     7 |    10 ||    34
       Rod               |       |       |       |       |       |       |       |     2 |       ||     2
       Horn of Geryon    |       |       |       |       |       |       |       |       |     2 ||     2
  Use: Scroll            |       |     2 |     8 |    10 |     7 |     8 |    20 |    16 |    32 ||   103
       Potion            |       |       |     2 |     3 |     2 |    14 |     8 |    14 |    29 ||    72
 Stab: Sleeping          |     3 |       |     1 |       |       |       |       |       |       ||     4
       Distracted        |       |       |     1 |       |     1 |       |       |     4 |     2 ||     8
       Held in net/web   |       |       |       |     4 |     1 |       |       |       |       ||     5
       Confused          |       |       |       |       |       |       |     1 |       |       ||     1
       Invisible         |       |       |       |       |       |       |       |       |     9 ||     9
  Eat: Chunk             |     1 |     9 |    21 |    37 |    44 |    40 |    45 |    38 |   159 ||   394
       Fruit             |       |       |       |     3 |       |       |     3 |    14 |     4 ||    24
       Beef jerky        |       |       |       |     1 |       |     4 |       |     1 |     8 ||    14
       Pizza             |       |       |       |       |     1 |     2 |       |     1 |       ||     4
       Royal jelly       |       |       |       |       |       |       |     1 |     4 |     3 ||     8
       Meat ration       |       |       |       |       |       |       |       |     4 |     4 ||     8
Armor: Leather armour    |    14 |    14 |    68 |   149 |   163 |    55 |       |       |       ||   463
       Chain mail        |       |       |       |       |       |   729 |   542 |   692 |   174 ||  2137
       Gold dragon armou |       |       |       |       |       |       |       |       |  3988 ||  3988
Dodge: Dodged            |    43 |    98 |   234 |   468 |   611 |  1403 |   913 |  1261 |  5887 || 10918
       Deflected         |       |       |       |       |    19 |    36 |    92 |   102 |   145 ||   394
Block: Other             |       |       |       |    94 |   232 |   695 |   357 |   556 |  2799 ||  4733
